 Dungeon Crawl Stone Soup version 0.16-a0-3994-gbbee317 (webtiles) character file.

371 BluebellGnoll the Covered (level 6, 12/55 HPs)
             Began as a Deep Dwarf Artificer on Feb 13, 2015.
             Was a Follower of Makhleb.
             Quit the game on level 4 of the Dungeon.
             The game lasted 00:23:58 (3873 turns).

BluebellGnoll the Covered (Deep Dwarf Artificer)    Turns: 3873, Time: 00:23:59

Health: 12/55      AC: 14    Str: 16    XL:     6   Next: 42%
Magic:  10/10      EV:  7    Int: 13    God:    Makhleb [*.....]
Gold:   146        SH:  0    Dex: 13    Spells: 0 memorised, 5 levels left

rFire  + . .     SeeInvis .     G - +0 spear (pierce)
rCold  . . .     Clarity  .     u - +0 chain mail
rNeg   . . .     SustAb   .     (no shield)
rPois  .         Gourm    .     E - +0 helmet
rElec  .         Spirit   .     (no cloak)
rCorr  .         Warding  .     j - +0 pair of gloves
rMut   .         Stasis   .     B - +1 pair of boots
MR     .....                    (no amulet)
Stlth  ..........               (no ring)
                                D - ring of protection from fire

@: non-regenerating, not resistant to hostile enchantments, extremely unstealthy
A: damage resistance, recharge devices, sense surroundings 1, slow healing 3
a: Device Recharging, Renounce Religion


You were on level 4 of the Dungeon.
You worshipped Makhleb.
Makhleb was aware of your devotion.
You were near starving.

You visited 2 branches of the dungeon, and saw 6 of its levels.

You collected 146 gold pieces.

Inventory:

Hand weapons
 i - a +0 hand axe
 y - a +0 hunting sling
 G - a +0 spear of piercing (weapon)
 J - a +0 blowgun
Missiles
 a - 88 stones (quivered)
 e - 6 curare-tipped needles
Armour
 j - a +0 pair of gloves (worn)
 u - a +0 chain mail (worn)
 B - a +1 pair of boots (worn)
 E - a +0 helmet (worn)
Jewellery
 D - a ring of protection from fire (left hand)
Magical devices
 c - a wand of enslavement (14)
 d - a wand of random effects (0)
 f - a wand of heal wounds (4)
Scrolls
 q - a scroll of teleportation
 F - a scroll of remove curse
Potions
 h - 3 potions of heal wounds
 l - 2 potions of resistance {unknown}
 n - a potion of poison {unknown}
 p - 3 potions of haste
 r - 2 potions of magic
 t - a potion of restore abilities {unknown}
 v - 5 potions of curing
 z - a potion of invisibility {unknown}
 C - a potion of ambrosia {unknown}
 H - a potion of might {unknown}
Comestibles
 g - 3 bread rations
 w - 2 meat rations


   Skills:
 + Level 2.5 Fighting
   Level 0.8 Short Blades
 - Level 3.7 Axes
 - Level 5.0 Armour
 - Level 2.1 Dodging
 - Level 1.2 Stealth
 - Level 4.0 Evocations


You had 5 spell levels left.
You didn't know any spells.

Dungeon Overview and Level Annotations

Branches:
Dungeon (5/15)             Temple (1/1) D:4

Altars:
Cheibriados
Elyvilon
Fedhas
Gozag
Makhleb
Nemelex Xobeh
Qazlal
Vehumet
Xom
Zin


Innate Abilities, Weirdness & Mutations

You are resistant to damage.
You can recharge devices by infusing magical energy.
You passively map a small area around you.
You do not heal naturally.


Message History

The crimson imp is moderately wounded.
The crimson imp barely misses you.
You hit the crimson imp.
The crimson imp is heavily wounded.
The crimson imp hits you but does no damage.
You miss the crimson imp.
The crimson imp is heavily wounded.
The crimson imp blinks!
You see here a tomahawk.
You are near starving!
You see here 13 sling bullets.
Attack whom?
Press: ? - help, Dir - move target cursor, f/p - crimson imp
Aim: a crimson imp (moderately wounded)
You reach to attack!
You closely miss the crimson imp.
The crimson imp is moderately wounded.
The crimson imp blinks!
A bat comes into view.
You are too injured to fight recklessly!
Are you sure you want to abandon this character and quit the game? (Confirm with "yes".)

#.............####..(.....##..##
##..........(....(...###...[.<##
.....................#####....#
....................(..###....#
####........###(..............#
##......## #.(.......>...###
##...b.####.ยง.(......(###
##....5.....(..(.....#
##.........@(........#
###........(.(((......## ##
####.........^..##.......# ##.
#..........########......## #..
.........### #.......# ##..
..........## #.......# ##...
...........## ##......###...#
........#...### #............#
........###...## ##........#...#


You could see a crimson imp and a bat.

Vanquished Creatures
  A crimson imp (D:4)
  2 hounds (D:4)
  3 worker ants
  Jessica (D:3)
  A hound skeleton (D:4)
  An adder (D:4)
  7 gnolls
  2 worms
  An adder skeleton (D:3)
  10 orcs
  3 ball pythons
  6 bats
  2 bat skeletons (D:4)
  8 giant cockroaches
  5 goblins
  6 hobgoblins
  3 jackals (D:3)
  7 kobolds
  A quokka (D:2)
  4 giant newts
  8 rats
82 creatures vanquished.

Vanquished Creatures (collateral kills)
  A gnoll (D:5)
  A kobold (D:3)
  A giant cockroach (D:3)
  A goblin (D:3)
  A rat (D:3)
5 creatures vanquished.

Grand Total: 87 creatures vanquished

Notes
Turn   | Place    | Note
--------------------------------------------------------------
     0 | D:1      | BluebellGnoll, the Deep Dwarf Artificer, began the quest for the Orb.
     0 | D:1      | Reached XP level 1. HP: 16/16 MP: 1/1
    35 | D:1      | Reached skill level 1 in Fighting
    46 | D:1      | Reached XP level 2. HP: 21/26 MP: 3/3
   216 | D:1      | Reached skill level 1 in Axes
   570 | D:1      | Reached XP level 3. HP: 20/32 MP: 5/5
  1122 | D:2      | Reached XP level 4. HP: 23/39 MP: 6/6
  1460 | D:3      | Reached skill level 1 in Armour
  1920 | D:3      | Found a sparkling altar of Nemelex Xobeh.
  1979 | D:3      | Noticed Jessica
  1993 | D:3      | Killed Jessica
  1993 | D:3      | Reached XP level 5. HP: 38/45 MP: 8/8
  2243 | D:4      | Found a staircase to the Ecumenical Temple.
  2252 | Temple   | Entered the Ecumenical Temple
  2264 | Temple   | Became a worshipper of Makhleb the Destroyer
  2649 | D:4      | Reached XP level 6. HP: 26/52 MP: 10/10
  3160 | D:4      | Reached skill level 5 in Armour
  3434 | D:5      | Entered Level 5 of the Dungeon
  3484 | D:5      | Acquired Makhleb's first power
  3873 | D:4      | Quit the game

Action                   |  1- 3 |  4- 6 || total
-------------------------+-------+-------++-------
Melee: Hand axe          |    61 |    84 ||   145
       Spear             |       |   345 ||   345
 Fire: Hunting sling     |       |    99 ||    99
Throw: Stone             |    66 |    53 ||   119
       Tomahawk          |       |    12 ||    12
Evoke: Wand              |    14 |    18 ||    32
  Use: Scroll            |       |    11 ||    11
       Potion            |       |     2 ||     2
 Stab: Paralysed         |     2 |       ||     2
  Eat: Chunk             |     1 |     8 ||     9
